 Dungeon Crawl Stone Soup version 0.23.2-40-g277498a001 (webtiles) character file.

Game seed: 12802041604798734389

12226 KamiKatze the Cleaver (level 11, -7/99 HPs)
             Began as a Pale Draconian Berserker on Oct 4, 2019.
             Was a High Priest of Trog.
             Mangled by a spiny frog (19 damage)
             ... on level 1 of the Lair of Beasts.
             The game lasted 00:46:16 (10527 turns).

KamiKatze the Cleaver (Pale Draconian Berserker)   Turns: 10527, Time: 00:46:16

Health: -7/99      AC: 12    Str: 22    XL:     11   Next: 59%
Magic:  14/14      EV: 16    Int:  8    God:    Trog [*****.]
Gold:   657        SH:  5    Dex: 11    Spells: 10/10 levels left

rFire    . . .     SeeInvis .   a - +2 hand axe (venom)
rCold    + . .     Gourm    .   K - +0 buckler
rNeg     + . .     Faith    .   (armour unavailable)
rPois    .         Spirit   .   (helmet restricted)
rElec    .         Reflect  .   A - +2 cloak "Duoweg" {rN+ Regen+}
rCorr    +         Harm     .   F - +1 pair of gloves
MR       .....                  (no boots)
Stlth    +.........             f - amulet of magic regeneration
HPRegen  0.66/turn              o - ring of protection from cold
MPRegen  0.39/turn              I - ring of resist corrosion

@: short of breath
A: breathe steam, unfitting armour, cold-blooded, AC +7
a: Breathe Steam, Berserk, Trog's Hand, Brothers in Arms, Renounce Religion


You were on level 1 of the Lair of Beasts.
You worshipped Trog.
Trog was extremely pleased with you.
You were near starving.

You visited 3 branches of the dungeon, and saw 13 of its levels.

You collected 657 gold pieces.

Inventory:

Hand Weapons
 a - a +2 hand axe of venom (weapon)
 b - a +0 broad axe
 w - a +2 morningstar of holy wrath
Missiles
 c - 373 stones
 h - 5 javelins of penetration (quivered)
 q - 7 needles of confusion
 B - 12 tomahawks
 E - 19 curare-tipped needles
 J - 3 needles of sleeping
Armour
 s - a scarf of spirit shield
 A - the +2 cloak "Duoweg" (worn) {rN+ Regen+}
   (You found it on level 5 of the Dungeon)

   It protects you from negative energy.
   It increases your rate of regeneration.
 F - a +1 pair of gloves (worn)
 K - a +0 buckler (worn)
Jewellery
 f - an amulet of magic regeneration (around neck)
 o - a ring of protection from cold (left hand)
 D - a +3 ring of intelligence
 I - a ring of resist corrosion (right hand)
 S - an uncursed ring of protection from cold
Wands
 l - a wand of acid (6)
 v - a wand of digging (13)
 z - a wand of flame (35)
 H - a wand of polymorph (4)
 P - a wand of disintegration (11)
Scrolls
 i - 5 scrolls of teleportation
 p - 4 scrolls of magic mapping
 x - a scroll of noise {unknown}
 C - 5 scrolls of remove curse
 M - 2 scrolls of fear {unknown}
 Q - a scroll of brand weapon {unknown}
Potions
 d - a potion of berserk rage
 g - 7 potions of curing
 j - 3 potions of flight
 k - 2 potions of invisibility
 m - 2 potions of haste
 n - 2 potions of might
 r - 3 potions of brilliance
 t - 5 potions of ambrosia
 u - 3 potions of resistance {unknown}
 G - 4 potions of heal wounds {unknown}
 L - a potion of mutation
 T - a potion of lignification {unknown}
 U - a potion of degeneration {unknown}
Comestibles
 R - 23 rations


   Skills:
 + Level 10.0 Fighting
 * Level 12.3 Axes
 + Level 8.4 Dodging
 + Level 5.8 Shields
 - Level 4.0 Evocations


You had 10 spell levels left.
You didn't know any spells.
Your spell library was empty.

Dungeon Overview and Level Annotations

Branches:
Dungeon (11/15)            Temple (1/1) D:7            Lair (1/6) D:10
    Orc (0/2) D:9

Altars:
Ashenzari
Cheibriados
Dithmenos
Elyvilon
Fedhas
Gozag
Hepliaklqana
Kikubaaqudgha
Makhleb
Nemelex Xobeh
Okawaru
Qazlal
Ru
Sif Muna
Trog
Uskayaw
Vehumet
Wu Jian
Xom
Yredelemnul
Zin
The Shining One
Beogh

Shops:
D:4 :   D:5 =   D:7 =   D:8 (%?

Annotations:
D:7 exclusion: oklob plant


Innate Abilities, Weirdness & Mutations

You can breathe blasts of scalding, opaque steam.
Your pale cyan-grey scales are hard. (AC +7)
You cannot fit into any form of body armour.
You are cold-blooded and may be slowed by cold attacks.


Message History

You fail to use your ability.
You feel sick. The spiny frog misses you.
Press: ? - help, Shift-Dir - straight line, f/p - spiny frog
Aim: a spiny frog (heavily wounded)
You exhale a blast of scalding steam.
The ball of steam hits the spiny frog!
The spiny frog is severely wounded.
You feel slightly more hungry.
You feel sick. The spiny frog misses you. The crocodile closely misses you.
You feel sick.
The spiny frog is engulfed in a cloud of scalding steam.
The crocodile bites you!
* * * LOW HITPOINT WARNING * * *
You feel sick.
The crocodile is engulfed in a cloud of scalding steam.
The spiny frog stings you!
* * * LOW HITPOINT WARNING * * *
You are lethally poisoned!
The spiny frog poisons you!
Found a stone staircase leading down.
You feel better. The spiny frog stings you!!
You die...

#.......##
#........#
##.......###
##........##
#.......<.##
#........ยง.#
##.......t.#
###...tF..###.#
#....@......#
#...........#
###...........
#.....#.#...
##..##.#....
#### #>....
.... ##


You could see a spiny frog and 2 crocodiles.

Vanquished Creatures
  3 two-headed ogres
  A centaur warrior (D:10)
  A deep troll (D:10)
  Pikel (D:7)
  An orc sorcerer (D:10)
  An ugly thing (D:11)
  A cyclops (D:11)
  A gargoyle (D:11)
  3 centaur skeletons
  A polar bear (D:10)
  2 hippogriffs
  A wraith (D:9)
  4 hogs (D:10)
  A yak (D:10)
  A human (D:10)
  A wyvern (D:10)
  2 hungry ghosts
  Edmund (D:5)
  2 water moccasins
  4 ice beasts
  6 orc warriors
  An eye of draining (D:10)
  A sky beast (D:10)
  A phantom (D:9)
  A necrophage (D:10)
  A black bear (D:8)
  2 ogres
  4 centaurs
  4 wolves (D:10)
  3 bullfrogs
  A big kobold (D:8)
  A wyvern skeleton (D:10)
  2 scorpions
  14 killer bees
  A howler monkey (D:6)
  3 wights (D:7)
  6 crimson imps
  2 bullfrog zombies
  3 orc priests
  2 hounds
  3 jellies
  3 bullfrog skeletons
  Ijyb (D:5)
  Crazy Yiuf (D:3)
  An iguana (D:9)
  7 worker ants
  2 orc wizards
  A worker ant zombie (D:10)
  8 gnolls
  12 adders
  A shadow imp (D:6)
  4 white imps (D:10)
  An ufetubus (D:10)
  An adder zombie (D:8)
  An adder skeleton (D:8)
  4 worms
  3 dart slugs
  6 leopard geckos
  34 orcs
  4 ball pythons
  3 giant cockroaches
  5 goblins
  7 hobgoblins
  10 jackals
  9 kobolds
  6 quokkas
  9 bats
  A leopard gecko skeleton (D:9)
  A leopard gecko zombie (D:5)
  A quokka skeleton (D:3)
  4 rats
  17 plants (D:10)
263 creatures vanquished.

Vanquished Creatures (others)
  An ice beast (D:7)
  A slave (D:7)
  2 centaurs (D:8)
  A scorpion (D:8)
  A crimson imp (D:8)
  An iguana (D:8)
  A worker ant (D:7)
  An adder (D:7)
  An ooze (D:4)
  An orc (D:8)
  A quokka (D:8)
12 creatures vanquished.

Grand Total: 275 creatures vanquished

Notes
Turn   | Place    | Note
-------+----------+-------------------------------------------
     0 | D:1      | KamiKatze the Draconian Berserker began the quest for the
                  | Orb.
     0 | D:1      | Reached XP level 1. HP: 19/19 MP: 1/1
    54 | D:1      | Reached XP level 2. HP: 11/26 MP: 2/2
   713 | D:2      | Reached XP level 3. HP: 28/33 MP: 3/3
   829 | D:2      | Found a shadowy altar of Dithmenos.
  1250 | D:2      | Reached ** piety under Trog
  1250 | D:2      | Reached skill level 4 in Axes
  1457 | D:3      | Reached XP level 4. HP: 35/40 MP: 4/4
  1739 | D:3      | Found a sacrificial altar of Ru.
  1989 | D:3      | Found a runed translucent door.
  1990 | D:3      | Noticed Crazy Yiuf
  1998 | D:3      | Killed Crazy Yiuf
  2531 | D:4      | Found a radiant altar of Vehumet.
  2560 | D:4      | Found Kuhy's Book Boutique.
  2607 | D:4      | Reached XP level 5. HP: 46/46 MP: 5/5
  3047 | D:5      | Entered Level 5 of the Dungeon
  3155 | D:5      | Reached skill level 5 in Axes
  3175 | D:5      | Got an ancient cloak
  3186 | D:5      | Identified the +2 cloak "Duoweg" {rN+ Regen+} (You found it
                  | on level 5 of the Dungeon)
  3220 | D:5      | Noticed Edmund
  3245 | D:5      | Killed Edmund
  3245 | D:5      | Reached XP level 6. HP: 53/53 MP: 6/6
  3424 | D:5      | Reached skill level 5 in Fighting
  3521 | D:5      | Found Adenaam's Jewellery Emporium.
  3564 | D:5      | Found a white marble altar of Elyvilon.
  3564 | D:5      | Noticed Ijyb
  3571 | D:5      | Killed Ijyb
  3688 | D:5      | Found an ancient bone altar of Kikubaaqudgha.
  3857 | D:6      | Reached *** piety under Trog
  3857 | D:6      | Reached skill level 6 in Axes
  3873 | D:6      | Found a bloodstained altar of Trog.
  4135 | D:6      | Your scales start taking on a pale cyan-grey colour.
  4135 | D:6      | Reached XP level 7. HP: 51/61 MP: 7/7
  4185 | D:6      | Found a basalt altar of Yredelemnul.
  4313 | D:6      | Reached skill level 7 in Axes
  4346 | D:6      | Reached skill level 5 in Dodging
  4401 | D:7      | Reached XP level 8. HP: 59/70 MP: 8/8
  4428 | D:7      | Found a staircase to the Ecumenical Temple.
  4438 | Temple   | Entered the Ecumenical Temple
  4750 | D:7      | Found a burning altar of Makhleb.
  4753 | D:7      | Got a bloodstained large shield
  4798 | D:7      | Found Oxoten's Jewellery Shop.
  4849 | D:7      | Found a deep blue altar of Sif Muna.
  4886 | D:7      | Found a shattered altar of Ashenzari.
  5058 | D:7      | Reached skill level 1 in Shields
  5066 | D:7      | Found a sparkling altar of Nemelex Xobeh.
  5122 | D:7      | Noticed Pikel
  5177 | D:7      | Killed Pikel
  5177 | D:7      | Reached skill level 8 in Axes
  5243 | D:7      | Found a blossoming altar of Fedhas.
  5272 | D:7      | Noticed an oklob plant
  5439 | D:7      | Identified the cursed -6 large shield of Jukku {MR+} (You
                  | found it on level 7 of the Dungeon)
  5575 | D:8      | Received a gift from Trog
  5804 | D:8      | Reached XP level 9. HP: 57/78 MP: 9/9
  6161 | D:8      | Reached skill level 9 in Axes
  6187 | D:8      | Found Piss's Food Shoppe.
  6288 | D:8      | Found a shimmering altar of Xom.
  6355 | D:8      | Found Inucwu's Antique Weapon Emporium.
  6630 | D:8      | Found Noypi's Magic Scroll Emporium.
  6837 | D:9      | Found a glowing golden altar of the Shining One.
  6851 | D:9      | Reached **** piety under Trog
  7082 | D:9      | Reached skill level 10 in Axes
  7104 | D:9      | Noticed a two-headed ogre
  7116 | D:9      | HP: 2/81 [two-headed ogre/+0 giant club (7)]
  7377 | D:9      | Found a staircase to the Orcish Mines.
  7386 | D:9      | Noticed a two-headed ogre
  7401 | D:9      | Killed a two-headed ogre
  7401 | D:9      | Reached XP level 10. HP: 90/90 MP: 10/10
  7591 | D:9      | Found a roughly hewn altar of Beogh.
  7641 | D:9      | Reached skill level 1 in Evocations
  8080 | D:9      | Killed a two-headed ogre
  8375 | D:10     | Entered Level 10 of the Dungeon
  8456 | D:10     | Reached skill level 11 in Axes
  8468 | D:10     | Reached ***** piety under Trog
  8540 | D:10     | Reached skill level 5 in Shields
  8572 | D:10     | Noticed a two-headed ogre
  8577 | D:10     | Noticed a centaur warrior
  8595 | D:10     | Killed a two-headed ogre
  8602 | D:10     | Killed a centaur warrior
  8656 | D:10     | Reached XP level 11. HP: 97/97 MP: 13/13
  8698 | D:10     | Found the +5 robe of Night {Dark MR+ SInv}
  8698 | D:10     | Noticed a deep troll
  8698 | D:10     | Noticed an orc sorcerer
  8710 | D:10     | Killed a deep troll
  8712 | D:10     | Killed an orc sorcerer
  8864 | D:10     | Found a staircase to the Lair.
  9323 | D:10     | Reached skill level 12 in Axes
  9951 | D:11     | Reached skill level 10 in Fighting
 10183 | D:11     | Noticed a green ugly thing
 10218 | D:11     | Killed a green ugly thing
 10501 | Lair:1   | Entered Level 1 of the Lair of Beasts
 10526 | Lair:1   | HP: 4/99 [spiny frog (13)]
 10527 | Lair:1   | Mangled by a spiny frog

Skill      XL: |  1  2  3  4  5  6  7  8  9 10 11 |
---------------+----------------------------------+-----
Dodging        | 3 4 5 7 8 |  8.4
Axes           | 4 5 6 7 8 10 11 12 | 12.3
Fighting       | 4 5 6 8 9 10 | 10.0
Shields        | 3 4 5 |  5.8
Evocations     | 3 4 |  4.0

Action                   |  1- 3 |  4- 6 |  7- 9 | 10-12 || total
-------------------------+-------+-------+-------+-------++-------
Melee: Hand axe          |   121 |   264 |   519 |   503 ||  1407
       Tailslap          |    13 |    33 |    81 |    93 ||   220
       Morningstar       |       |       |       |     8 ||     8
Throw: Stone             |     7 |       |       |       ||     7
       Javelin           |       |       |       |     1 ||     1
Invok: Berserk           |     1 |     4 |     3 |     5 ||    13
       Trog's Hand       |       |       |     2 |     2 ||     4
 Abil: Breathe Steam     |       |       |     1 |     1 ||     2
  Use: Scroll            |       |     9 |    11 |     1 ||    21
       Potion            |       |       |       |     2 ||     2
 Stab: Distracted        |       |       |     1 |       ||     1
       Sleeping          |       |       |     1 |       ||     1
  Eat: Chunk             |     2 |    13 |    10 |    11 ||    36
       Ration            |       |       |     2 |     1 ||     3
Armor: Skin              |    29 |    85 |   143 |    95 ||   352
Dodge: Dodged            |    72 |   191 |   364 |   193 ||   820
Block: Buckler           |       |       |    60 |    75 ||   135
